[Event "Titled Tuesday Blitz January 10 Early 2023"]
[White "Sovetbekova, Nurai"]
[Black "Hnydiuk, Aleksander"]
[WhiteFideId "13801910"]
[BlackFideId "1109057"]
[WhiteElo "1764"]
[BlackElo "2363"]
[Result "0-1"]
[Round "03"]
[TimeControl "180+2"]
[Date "2023.01.10"]
[WhiteClock "0:00:06"]
[BlackClock "0:00:03"]

1. d4 Nf6 2. c4 e6 3. g3 Bb4+ 4. Nd2 c5 5. a3 Bxd2+ 6. Qxd2 cxd4 7. Nf3 d5 8. cxd5 e5 9. Nxe5 Qxd5 10. Nf3 Nc6 11. Bg2 O-O 12. O-O Bf5 13. b4 Rad8 14. Bb2 Rfe8 15. Rfd1 Qc4 16. Bf1 Ne4 17. Qf4 Bg6 18. Rac1 Qb3 19. Bxd4 Qxa3 20. b5 Nxd4 21. Nxd4 Nc3 22. Re1 Re4 23. Qc7 Rexd4 24. Rxc3 Qb4 25. e3 R4d7 26. Qxd7 Rxd7 27. Rc8+ Qf8 28. Rxf8+ Kxf8 29. Ra1 b6 30. Bg2 Bd3 31. Bc6 Rc7 32. Rd1 Bc4 33. Rd8+ Ke7 34. Re8+ Kf6 35. f4 a5 36. Rb8 a4 37. Rxb6 Ke7 38. Ra6 Bb3 39. Kf2 Kd6 40. Ke2 Kc5 41. Kd3 Kb4 42. Be4 Bc4+ 43. Kd2 Bxb5 44. Ra8 a3 45. Bb1 Rd7+ 46. Kc1 Ba4 47. Rb8+ Bb5 48. Ra8 Re7 49. e4 Rc7+ 50. Kd2 Rc3 51. Rb8 Rb3 52. Kc2 Rb2+ 53. Kc1 Kc5 54. Rc8+ Kb6 55. Rb8+ Ka7 56. Rd8 Rxh2 57. Rd5 Kb6 58. Rd6+ Kc5 59. Rd8 a2 60. Rc8+ Kb4 61. Bxa2 Rxa2 0-1


[Site "https://www.chess.com"]

[Event "Titled Tuesday Blitz January 10 Early 2023"]
[White "Avalos Parra, Joao"]
[Black "Buksa, Nataliya"]
[WhiteFideId "3402541"]
[BlackFideId "14123622"]
[WhiteElo "2185"]
[BlackElo "2406"]
[Result "1/2-1/2"]
[Round "03"]
[TimeControl "180+2"]
[Date "2023.01.10"]
[WhiteClock "0:00:06"]
[BlackClock "0:00:05"]

1. d4 d5 2. c4 e6 3. Nf3 Be7 4. Nc3 Nf6 5. Bf4 O-O 6. e3 b6 7. cxd5 Nxd5 8. Nxd5 Qxd5 9. a3 c5 10. Bd3 Bb7 11. O-O Nd7 12. e4 Qh5 13. Re1 cxd4 14. Nxd4 Qxd1 15. Raxd1 Nc5 16. Bb1 Rac8 17. f3 a6 18. Rc1 Na4 19. b4 a5 20. bxa5 bxa5 21. Nb3 Bxa3 22. Rxc8 Rxc8 23. Nxa5 Bb4 24. Nxb7 Bxe1 25. Bd3 Bb4 26. h4 Nc5 27. Nxc5 Bxc5+ 28. Kh2 Bd4 29. Kh3 f6 30. Ba6 Rc2 31. Bd3 Rc3 32. Bb5 Kf7 33. h5 Rb3 34. Bc4 Rb1 35. Kh2 Ke7 36. Bd2 Rb2 37. Bf4 e5 38. Bg3 Rb1 39. Bg8 h6 40. Bh7 Bg1+ 41. Kh3 Be3 42. Kh2 Kd6 43. Bf5 Kc5 44. Bg6 Kd4 45. Kh3 Rh1+ 46. Kg4 Kd3 47. Be8 Rb1 48. Bf7 Rb2 49. Kh3 Rc2 50. Be8 Rb2 51. Bf7 Bg5 52. Be6 Ke3 53. Bd5 Rb4 54. Bc6 Ke2 55. Bd5 Kf1 56. Bg8 Kg1 57. Bd5 Rb2 58. Bc4 Rxg2 59. Bd3 Ra2 60. Bc4 Rb2 61. Bd5 Bf4 62. Bxf4 exf4 63. Kg4 Kf2 64. Kxf4 Rd2 65. Bc6 Rd4 66. Kf5 Rc4 67. Bd5 Rc5 68. Kg6 Kxf3 69. Kxg7 Kg4 70. Kxh6 f5 71. Kg6 f4 72. h6 f3 73. h7 Rc8 74. Bg8 f2 75. h8=Q f1=Q 76. Qh5+ Kg3 77. Qf5 Rc6+ 78. Be6 Qxf5+ 79. exf5 Kf4 80. Kf6 Ke4 81. Ke7 Ke5 82. Kf7 Rd6 83. Kg6 Ra6 84. Kf7 Ra7+ 85. Ke8 Kf6 86. Kd8 Rh7 87. Kc8 Rh8+ 88. Kc7 Ke7 89. Kc6 Ra8 90. Kd5 Ra1 91. Ke4 Ra5 92. Kf4 Kf6 93. Kg4 Ra4+ 94. Kf3 Ke5 95. Kg3 Rb4 96. Kf3 Rf4+ 97. Ke2 Ke4 98. Kd2 Rh4 99. Kc3 Ke5 100. Kb3 Rf4 101. Kc3 Rf3+ 102. Kc4 Re3 103. Kc5 Rc3+ 104. Kb6 Rc1 105. Kb5 Kd6 106. Kb4 Rc7 107. Kb3 Kc5 108. Kc3 Kd6+ 109. Kd4 Ra7 110. Ke4 Ra4+ 111. Kf3 Ke5 112. Kg3 Rf4 113. Kg2 Ke4 114. Kg3 Ke3 115. Kg2 Rg4+ 116. Kh3 Kf4 117. Kh2 Kf3 118. Bd7 Rh4+ 119. Kg1 Rh6 120. Be6 Rh7 121. Bc8 Rc7 122. Be6 Rc2 123. Bd5+ Kg3 124. Kf1 Rd2 125. Be6 Kf3 126. Ke1 Rh2 127. Kd1 Ke3 128. Kc1 Kd3 129. f6 Rf2 130. f7 Kc3 131. Kd1 Kd3 132. Ke1 Ke3 133. Kd1 Rf6 134. Ba2 Kd3 135. Bb1+ Kc3 136. Ba2 Kb2 137. Bd5 Kc3 138. Ke2 Kd4 139. Ba2 Rf5 140. Bb1 Rf4 141. Ba2 Rf5 142. Ke1 Rf3 143. Ke2 Rf4 144. Ke1 Ke3 145. Kd1 Rf2 146. Be6 Kd3 147. Ke1 Re2+ 148. Kf1 Rxe6 149. f8=Q Re4 150. Qf3+ Kd4 151. Kf2 Ke5 152. Qf8 Rf4+ 153. Qxf4+ Kxf4 1/2-1/2


[Site "https://www.chess.com"]

[Event "Titled Tuesday Blitz January 10 Early 2023"]
[White "Lahav, Michal"]
[Black "Kvaloy, Aksel Bu"]
[WhiteFideId "2813742"]
[BlackFideId "1528815"]
[WhiteElo "2187"]
[BlackElo "2321"]
[Result "0-1"]
[Round "03"]
[TimeControl "180+2"]
[Date "2023.01.10"]
[WhiteClock "0:00:01"]
[BlackClock "0:00:03"]

1. c4 e5 2. g3 c6 3. Bg2 d5 4. cxd5 cxd5 5. d4 e4 6. Nh3 Nf6 7. O-O Bg4 8. f3 exf3 9. exf3 Bxh3 10. Bxh3 Nc6 11. Re1+ Be7 12. Nc3 O-O 13. Be3 Qb6 14. Na4 Qa5 15. Bf2 Rfe8 16. Qb3 Qb4 17. Nc5 Qxb3 18. Nxb3 Nb4 19. Re2 Bd6 20. Rxe8+ Rxe8 21. a3 Nd3 22. Nc5 Nxf2 23. Kxf2 b6 24. Nd3 g6 25. Rc1 Kf8 26. Rc6 Ke7 27. Ke2 h5 28. Kd2 h4 29. gxh4 Bxh2 30. Ne5 Bxe5 31. dxe5 Nh5 32. Rc7+ Kf8 33. Rxa7 Rxe5 34. Rb7 Nf4 35. Bc8 Re8 36. Bg4 f5 37. Rxb6 fxg4 38. Rf6+ Kg7 39. Rxf4 gxf3 40. Rxf3 Re4 41. Rh3 Kf6 42. Kd3 Ke5 43. b4 Rg4 44. b5 Kd6 45. Kc3 Kc5 46. Kb3 Kxb5 47. Rd3 Kc5 48. Rc3+ Kb5 49. Rd3 Kc6 50. Rc3+ Kd6 51. Rh3 Ke5 52. a4 d4 53. a5 Rg1 54. Kc4 Ra1 55. Kb5 Rb1+ 56. Kc6 Ra1 57. Kb6 Ke4 58. a6 d3 59. Rh2 Ke3 60. Rh3+ Kd4 61. Rh2 Kc3 62. a7 d2 63. Rh3+ Kd4 64. Kb7 d1=Q 65. a8=Q Rxa8 66. Kxa8 Qa4+ 0-1


[Site "https://www.chess.com"]

[Event "Titled Tuesday Blitz January 10 Early 2023"]
[White "Sala, Giulia"]
[Black "Mica, Marek"]
[WhiteFideId "2840451"]
[BlackFideId "382884"]
[WhiteElo "1998"]
[BlackElo "2256"]
[Result "1/2-1/2"]
[Round "03"]
[TimeControl "180+2"]
[Date "2023.01.10"]
[WhiteClock "0:00:07"]
[BlackClock "0:00:15"]

1. c4 Nf6 2. d4 e6 3. Nc3 d5 4. cxd5 exd5 5. Bf4 c6 6. e3 Nbd7 7. Bd3 Be7 8. Nf3 Nf8 9. h4 Ne6 10. Bg3 g6 11. Qc2 Ng7 12. Bh2 Bf5 13. Ne5 Bxd3 14. Qxd3 Nf5 15. Bf4 Nd6 16. g4 Nfe4 17. f3 Bxh4+ 18. Ke2 Ng3+ 19. Bxg3 Bxg3 20. Rh3 Bxe5 21. dxe5 Nc4 22. Qd4 Qe7 23. f4 Qe6 24. Rh4 g5 25. f5 Qxe5 26. Rh5 Qxd4 27. exd4 Ke7 28. b3 Nd6 29. Rxg5 Rag8 30. Rxg8 Rxg8 31. Kf3 h5 32. gxh5 Nxf5 33. Rh1 Kf6 34. h6 Nxd4+ 35. Ke3 Nf5+ 36. Kf4 Rh8 37. h7 Ne7 38. Ne2 Ng6+ 39. Kg4 Nf8 40. Rf1+ Kg7 41. Nd4 Rxh7 42. Nf5+ Kh8 43. Nd6 Kg8 44. Nxb7 Ne6 45. Nd6 Rg7+ 46. Kf5 Rg5+ 47. Kf6 Rg6+ 48. Ke7 Nc5 49. Nxf7 Re6+ 50. Kd8 Re2 51. Nd6 Rxa2 52. Kc7 Ne4 53. Kxc6 Nxd6 54. Kxd6 Rd2 55. Rf5 d4 56. Ra5 Rd1 57. Kd5 d3 58. Kd4 d2 59. Kd3 Kf7 60. Rf5+ Ke6 61. Rf2 Kd5 62. Rxd2 Rg1 63. Kc3+ Kc5 64. Rd3 Rc1+ 65. Kb2 Rg1 66. Rc3+ Kb4 67. Rc2 Rg3 68. Rc4+ Kb5 69. Rc2 a5 70. Rc4 Rf3 71. Rc2 Kb4 72. Rc4+ Kb5 73. Rc2 Rg3 74. Rc4 Rg1 75. Rc2 Rh1 76. Rc4 Rh2+ 77. Rc2 Rh3 78. Rc4 Rg3 79. Rc2 Rf3 80. Rc4 Re3 81. Rc2 Rd3 82. Re2 Rf3 83. Re5+ Kb4 84. Re4+ Kb5 85. Ka3 Rf1 86. Re5+ Kb6 87. Re4 Rc1 88. Kb2 Rd1 89. Re6+ Kc5 90. Re5+ Kb4 91. Re4+ Kb5 92. Re5+ Kb6 93. Re6+ Kc7 94. Ka3 Rc1 95. Ra6 Ra1+ 96. Kb2 Re1 97. Rxa5 Re4 98. Ka3 Kb6 99. Ra4 Re3 100. Rb4+ Ka5 101. Rc4 Re1 102. Rc5+ Kb6 103. Rc4 Re2 104. Kb4 Rf2 105. Rd4 Rf5 106. Rh4 Rg5 107. Ka4 Rf5 108. b4 Rg5 109. Rh6+ Kb7 110. b5 Rg1 111. Ka5 Ra1+ 112. Kb4 Rb1+ 113. Ka4 Ra1+ 114. Kb4 Rb1+ 115. Kc4 Rc1+ 116. Kd3 Rb1 117. Kc4 Rb2 118. Rh7+ Kb6 119. Rh6+ Kb7 120. Rh5 Rc2+ 121. Kb4 Rc1 122. Rh4 Rb1+ 123. Kc5 Rc1+ 124. Rc4 Rxc4+ 125. Kxc4 Kb6 126. Kb4 Kb7 127. Ka5 Ka7 128. b6+ Kb7 129. Kb5 Kb8 130. Kc5 Kb7 131. Kb5 Kb8 132. Kc6 Kc8 133. Kd6 Kb7 134. Kc5 Kb8 135. Kc6 Kc8 136. b7+ Kb8 137. Kb6 1/2-1/2


[Site "https://www.chess.com"]

[Event "Titled Tuesday Blitz January 10 Early 2023"]
[White "Janaszak, Dawid"]
[Black "Hon, Eric"]
[WhiteFideId "1119206"]
[BlackFideId "2097117"]
[WhiteElo "2316"]
[BlackElo "1897"]
[Result "1-0"]
[Round "03"]
[TimeControl "180+2"]
[Date "2023.01.10"]
[WhiteClock "0:02:11"]
[BlackClock "0:02:08"]

1. e4 c5 2. Nc3 d6 3. f4 g6 4. Nf3 Bg7 5. Bc4 e6 6. O-O Ne7 7. d4 cxd4 8. Nxd4 O-O 9. Be3 d5 10. exd5 exd5 11. Be2 Nbc6 12. Bf3 Be6 13. Kh1 Rc8 14. Nce2 Nxd4 15. Bxd4 Nf5 16. Bxg7 Kxg7 17. Nd4 Ne3 18. Nxe6+ 1-0


[Site "https://www.chess.com"]

[Event "Titled Tuesday Blitz January 10 Early 2023"]
[White "Mkrtchian, Lilit"]
[Black "Marin Ramirez, Gerardo"]
[WhiteFideId "13300601"]
[BlackFideId "3901068"]
[WhiteElo "2389"]
[BlackElo "2127"]
[Result "1-0"]
[Round "03"]
[TimeControl "180+2"]
[Date "2023.01.10"]
[WhiteClock "0:00:04"]
[BlackClock "0:00:01"]

1. Nf3 d5 2. g3 c6 3. Bg2 Nf6 4. O-O Bf5 5. c4 e6 6. Qb3 Qb6 7. d3 Nbd7 8. cxd5 exd5 9. Qc2 Be7 10. Nc3 O-O 11. e4 dxe4 12. dxe4 Be6 13. Be3 Qa6 14. Nd4 Bc4 15. Rfd1 Qa5 16. a3 Rfd8 17. Nf5 Bf8 18. h3 Ne5 19. Bg5 Qb6 20. Bxf6 gxf6 21. b4 a5 22. Na4 Qb5 23. f4 Nd3 24. Nc3 Qb6+ 25. Kh2 axb4 26. axb4 Rxa1 27. Rxa1 Nxb4 28. Qb2 c5 29. Na4 Qc6 30. e5 Bd5 31. Rd1 Rd7 32. Bxd5 Nxd5 33. exf6 Nxf6 34. Rxd7 Nxd7 35. Nc3 Qf6 36. Qc2 Bg7 37. Nd5 Qb2 38. Qxb2 Bxb2 39. Nd6 b6 40. Kg2 Ba3 41. Kf3 Bb2 42. Ke4 1-0


[Site "https://www.chess.com"]

[Event "Titled Tuesday Blitz January 10 Early 2023"]
[White "Sailer, Mike"]
[Black "Rangel, Daniel"]
[WhiteFideId "2012901"]
[BlackFideId "2124475"]
[WhiteElo "2109"]
[BlackElo "2207"]
[Result "0-1"]
[Round "03"]
[TimeControl "180+2"]
[Date "2023.01.10"]
[WhiteClock "0:00:03"]
[BlackClock "0:00:49"]

1. d4 d5 2. Bf4 Nf6 3. e3 g6 4. Nf3 Bg7 5. Be2 O-O 6. O-O b6 7. c4 dxc4 8. Bxc4 Bb7 9. Nc3 Nbd7 10. Rc1 c5 11. h3 a6 12. a3 b5 13. Ba2 Rc8 14. Ne5 cxd4 15. Qxd4 Nxe5 16. Bxe5 Qxd4 17. Bxd4 e6 18. Ne2 Nd5 19. Bxg7 Kxg7 20. Nd4 Kf6 21. Nb3 Rxc1 22. Rxc1 Rc8 23. Nc5 Nb6 24. b4 Na4 25. Rc2 Nxc5 26. bxc5 Ke7 27. Kf1 Kd7 28. f3 Kc6 29. Ke2 Rd8 30. e4 a5 31. Bb3 Ba6 32. Ke3 a4 33. Ba2 Rd1 34. Kf4 Rd3 35. Ke5 Rxa3 36. Kf6 b4 37. Bc4 Bxc4 38. Rxc4 b3 39. Kxf7 b2 40. Rb4 Rb3 41. Rxa4 b1=Q 42. Ra6+ Kxc5 0-1


[Site "https://www.chess.com"]

[Event "Titled Tuesday Blitz January 10 Early 2023"]
[White "Becerra, Juan David"]
[Black "Fabris, Alberto"]
[WhiteFideId "4404998"]
[BlackFideId "801348"]
[WhiteElo "2382"]
[BlackElo "2230"]
[Result "0-1"]
[Round "03"]
[TimeControl "180+2"]
[Date "2023.01.10"]
[WhiteClock "0:00:01"]
[BlackClock "0:00:16"]

1. e4 c5 2. c3 d5 3. exd5 Qxd5 4. d4 Nc6 5. Nf3 Bg4 6. Be2 cxd4 7. cxd4 e6 8. h3 Bh5 9. Nc3 Qa5 10. O-O Nf6 11. Qb3 Qb4 12. Qxb4 Nxb4 13. Bb5+ Nc6 14. Ne5 Rc8 15. Nxc6 bxc6 16. Ba4 Be7 17. Be3 O-O 18. Rac1 Nd5 19. Nxd5 cxd5 20. Rxc8 Rxc8 21. Rc1 Rxc1+ 22. Bxc1 Bf6 23. Be3 Be2 24. f4 Kf8 25. Kf2 Ba6 26. Ke1 Ke7 27. g4 g6 28. g5 Bg7 29. Kd2 f6 30. h4 h6 31. Bc2 Kf7 32. Kc3 hxg5 33. hxg5 fxg5 34. fxg5 e5 35. dxe5 Bxe5+ 36. Bd4 Bf4 37. Bf6 Be3 38. Kb4 d4 39. Bb3+ Kf8 40. Bd1 Bf1 41. Kb3 Bd3 42. Kb4 Kf7 43. Kc5 Bb1 44. Bb3+ Kf8 45. Bxd4 Bxg5 46. Kb5 Bd3+ 47. Ka5 a6 48. Bd5 Bd8+ 49. Bb6 Bf6 50. Bb7 Bxb2 51. Bxa6 Bc3+ 52. Ka4 Bxa6 53. Kb3 Be5 54. Bc5+ Kf7 55. Kb4 Ke6 56. Ka5 Bc4 57. Kb6 g5 58. Bf2 g4 59. a4 Kf5 60. a5 Ke4 61. Bh4 Kf3 0-1


[Site "https://www.chess.com"]

[Event "Titled Tuesday Blitz January 10 Early 2023"]
[White "Torres Dominguez, David"]
[Black "Parpiev, Isaak"]
[WhiteFideId "2220857"]
[BlackFideId "34281576"]
[WhiteElo "1994"]
[BlackElo "2167"]
[Result "1-0"]
[Round "03"]
[TimeControl "180+2"]
[Date "2023.01.10"]
[WhiteClock "0:00:06"]
[BlackClock "0:00:01"]

1. e4 c5 2. Nc3 Nc6 3. f4 g6 4. Nf3 Bg7 5. a4 d6 6. Bb5 Bg4 7. Bxc6+ bxc6 8. O-O e6 9. d3 Ne7 10. Qe1 Bxf3 11. Rxf3 Rb8 12. b3 Qb6 13. Kh1 Kd7 14. Bd2 Qc7 15. Rd1 h5 16. Ne2 Rhc8 17. Ba5 Qb7 18. Bc3 Bxc3 19. Qxc3 Qb4 20. Qf6 Rf8 21. f5 gxf5 22. exf5 Nxf5 23. d4 cxd4 24. Nxd4 Nxd4 25. Rxd4 Qe1+ 26. Rf1 Qe2 27. Rdd1 Qxc2 28. Qd4 d5 29. Qxa7+ Kd6 30. Rc1 Qxb3 31. Qc5+ Kd7 32. Qxc6+ Ke7 33. Qc7+ Ke8 34. Rf3 Qb7 35. Qe5 Rd8 36. Rfc3 Qd7 37. a5 Qa4 38. Rc7 Qxa5 39. Qf6 Qb4 40. h3 Qa3 41. R1c3 Qd6 42. R3c6 Qa3 43. Rc3 Qd6 44. R3c6 Qa3 45. Rb6 Qc1+ 46. Rxc1 1-0


[Site "https://www.chess.com"]

[Event "Titled Tuesday Blitz January 10 Early 2023"]
[White "Musovic, Armin"]
[Black "Guevara Sanchez, Erick Marvin"]
[WhiteFideId "939935"]
[BlackFideId "6700136"]
[WhiteElo "2261"]
[BlackElo "2073"]
[Result "1-0"]
[Round "03"]
[TimeControl "180+2"]
[Date "2023.01.10"]
[WhiteClock "0:00:30"]
[BlackClock "0:00:04"]

1. e4 c5 2. c3 e6 3. d4 d5 4. e5 Nc6 5. Nf3 Qb6 6. a3 Nh6 7. Bd3 Bd7 8. dxc5 Bxc5 9. O-O Ng4 10. b4 Bxf2+ 11. Kh1 Ngxe5 12. Bc2 Be3 13. Nbd2 Ng4 14. Nb3 Bxc1 15. Rxc1 Nf2+ 16. Rxf2 Qxf2 17. Nc5 Qe3 18. Nxd7 Kxd7 19. Qf1 a6 20. c4 d4 21. Re1 Qc3 22. Be4 Kc7 23. b5 Ne7 24. Rc1 Qxa3 25. Nxd4 Qc5 26. b6+ Kb8 27. Qxf7 Nf5 28. Nxe6 Nd6 29. Qxg7 Re8 30. Nxc5 Nxe4 31. Qxb7# 1-0


[Site "https://www.chess.com"]

[Event "Titled Tuesday Blitz January 10 Early 2023"]
[White "Kozin, Yuri"]
[Black "Ruge, Edison"]
[WhiteFideId "4129920"]
[BlackFideId "4401000"]
[WhiteElo "2251"]
[BlackElo "2201"]
[Result "1/2-1/2"]
[Round "03"]
[TimeControl "180+2"]
[Date "2023.01.10"]
[WhiteClock "0:00:09"]
[BlackClock "0:00:07"]

1. e4 e5 2. Nf3 Nc6 3. Bb5 f5 4. d3 fxe4 5. dxe4 Nf6 6. O-O Bc5 7. Bg5 d6 8. Nc3 O-O 9. Bc4+ Kh8 10. Nd5 Bg4 11. Nxf6 gxf6 12. Bh6 Rg8 13. Bxg8 Qxg8 14. Qd3 Qg6 15. Bd2 Bxf3 16. Qxf3 Nd4 17. Qd3 Rg8 18. g3 f5 19. exf5 Nxf5 20. Be3 Bb6 21. Bxb6 axb6 22. c3 Qg4 23. Rfe1 Qh3 24. Qf1 Qg4 25. f3 Qg5 26. Qg2 Nh4 27. Qe2 Qf5 28. Rf1 Qh3 29. Qf2 Qf5 30. Kh1 Ng6 31. Rae1 Qe6 32. Qe3 Qxa2 33. f4 Qxb2 34. f5 Nf8 35. f6 Ne6 36. f7 Rf8 37. Qh6 Qb3 38. Qf6+ Ng7 39. Qe7 Qd5+ 40. Kg1 Qc5+ 41. Rf2 d5 42. Qxc5 bxc5 43. Rxe5 h6 44. Re7 Kh7 45. Rxc7 Ne6 46. Rxb7 Kg7 47. Re7 Ng5 48. Rd7 Ne4 49. Rf3 Nf6 50. Rf5 c4 51. h3 Nxd7 52. Rxd5 Rxf7 53. Rd4 Nf6 54. Rxc4 Rd7 55. Rd4 Rd6 56. Rxd6 Ne4 57. Rc6 Nxg3 58. Kg2 Nf5 59. c4 Ne3+ 60. Kf3 Nf5 61. Rc7+ Kf6 62. Kf4 Nd4 63. Ra7 Ne6+ 64. Kg3 Nd4 65. c5 Nf5+ 66. Kf4 Nd4 67. Ra6+ Ne6+ 68. Ke4 Ke7 69. Rxe6+ Kxe6 70. Kd4 Kd7 71. Kd5 Kc7 72. c6 h5 73. h4 Kc8 74. Kd6 Kd8 75. Ke6 Kc7 76. Kf5 Kxc6 77. Kg5 Kd7 78. Kxh5 Ke7 79. Kg6 Kf8 80. Kh7 Kf7 81. h5 Kf8 82. h6 Kf7 83. Kh8 Kf8 84. h7 Kf7 1/2-1/2


[Site "https://www.chess.com"]

[Event "Titled Tuesday Blitz January 10 Early 2023"]
[White "Kho, Darrell"]
[Black "Bagrationi, Alexander"]
[WhiteFideId "1019317"]
[BlackFideId "14104954"]
[WhiteElo "2075"]
[BlackElo "2454"]
[Result "0-1"]
[Round "03"]
[TimeControl "180+2"]
[Date "2023.01.10"]
[WhiteClock "0:00:02"]
[BlackClock "0:00:09"]

1. e4 c5 2. Nf3 Nc6 3. Bb5 Qb6 4. Nc3 e6 5. O-O a6 6. Bxc6 Qxc6 7. d4 cxd4 8. Nxd4 Qc7 9. a4 d6 10. Be3 Nf6 11. a5 Be7 12. Re1 O-O 13. f3 Bd7 14. Nb3 Rfc8 15. Re2 Bc6 16. Na4 Nd7 17. Bb6 Qb8 18. Bd4 Bxa4 19. Rxa4 Rc6 20. Qe1 b5 21. axb6 Nxb6 22. Ra5 Nc4 23. Rh5 e5 24. Bc3 Qb6+ 25. Kh1 g6 26. Rh3 a5 27. Qg3 a4 28. Nd2 Nxb2 29. Bxb2 Qxb2 30. Nf1 a3 0-1


[Site "https://www.chess.com"]

[Event "Titled Tuesday Blitz January 10 Early 2023"]
[White "ritanovikova"]
[Black "Martynov, Pavel"]
[BlackFideId "4101260"]
[WhiteElo "2112"]
[BlackElo "2414"]
[Result "0-1"]
[Round "03"]
[TimeControl "180+2"]
[Date "2023.01.10"]
[WhiteClock "0:00:31"]
[BlackClock "0:00:50"]

1. d4 d5 2. Bf4 e6 3. Nd2 c5 4. c3 Nc6 5. e3 Bd6 6. Bg3 e5 7. dxe5 Nxe5 8. Bb5+ Bd7 9. Qa4 a6 10. Bxd7+ Qxd7 11. Qxd7+ Kxd7 12. Ke2 Nf6 13. Ngf3 Rhe8 14. Nxe5+ Bxe5 15. Bxe5 Rxe5 16. Nf3 Re7 17. Rad1 Kc6 18. Rhe1 b5 19. Kd2 a5 20. Kc2 Ne4 21. Re2 a4 22. Nd2 Nd6 23. Rde1 Rae8 24. Nf3 f5 25. g3 h6 26. h4 Nc4 27. Nd2 Ne5 28. h5 Re6 29. Rh1 Ng4 30. Nf3 Nf6 31. Nh4 Re5 32. Ng6 Re4 33. Nf4 d4 34. cxd4 cxd4 35. Rd1 dxe3 36. fxe3 Rxe3 37. Red2 Rxg3 38. Rd7 Nxd7 0-1


[Site "https://www.chess.com"]

[Event "Titled Tuesday Blitz January 10 Early 2023"]
[White "Vargas, Mauricio"]
[Black "Bazarov, Konstantin"]
[WhiteFideId "4404572"]
[BlackFideId "4137000"]
[WhiteElo "2035"]
[BlackElo "2235"]
[Result "0-1"]
[Round "03"]
[TimeControl "180+2"]
[Date "2023.01.10"]
[WhiteClock "0:00:02"]
[BlackClock "0:00:16"]

1. e4 c6 2. d4 d5 3. e5 Bf5 4. g4 Bc8 5. f4 h5 6. g5 g6 7. h3 Bf5 8. Ne2 h4 9. Nd2 e6 10. Nf3 Qb6 11. c3 c5 12. Bg2 Nc6 13. O-O Be4 14. Kh2 Nge7 15. a3 Nf5 16. dxc5 Bxc5 17. b4 Be3 18. Bd2 Rc8 19. Rc1 Nce7 20. Ned4 Bxd4 21. cxd4 Nxd4 22. Qa4+ Qb5 23. Rxc8+ Nxc8 24. Qxb5+ Nxb5 25. a4 Nc7 26. Nd4 Bxg2 27. Kxg2 Kd7 28. b5 Nb6 29. Bb4 Nc4 30. Rc1 Na8 31. Nf3 Nab6 32. a5 Na8 33. a6 bxa6 34. bxa6 Nc7 35. Ra1 Kc6 36. Be1 Nb5 37. Nxh4 Ne3+ 38. Kg1 d4 0-1


[Site "https://www.chess.com"]

[Event "Titled Tuesday Blitz January 10 Early 2023"]
[White "Makarian, Rudik"]
[Black "Topalov, Aleksandar"]
[WhiteFideId "44105681"]
[BlackFideId "925659"]
[WhiteElo "2545"]
[BlackElo "2233"]
[Result "1-0"]
[Round "03"]
[TimeControl "180+2"]
[Date "2023.01.10"]
[WhiteClock "0:01:54"]
[BlackClock "0:00:01"]

1. d4 Nf6 2. c4 c5 3. dxc5 e6 4. g3 Bxc5 5. Bg2 O-O 6. Nf3 d5 7. O-O Nc6 8. cxd5 exd5 9. b3 Ne4 10. Bb2 Be6 11. Nc3 Rc8 12. Rc1 Bb6 13. e3 Re8 14. Ne2 Qd7 15. Nf4 Nb4 16. a3 Na2 17. Rc2 Nac3 18. Qa1 d4 19. Nxe6 Rxe6 20. Nxd4 Bxd4 21. exd4 Nd5 22. Rxc8+ Qxc8 23. Qc1 Qd7 24. Re1 Nef6 25. Re5 h6 26. h4 Rc6 27. Qd2 b6 28. Bf3 Qd6 29. Kg2 Qd7 30. a4 a5 31. Qe2 Re6 32. Ba3 Qe8 33. Rxe6 fxe6 34. Bd6 Qd7 35. Be5 Ne8 36. Qc2 1-0


[Site "https://www.chess.com"]

[Event "Titled Tuesday Blitz January 10 Early 2023"]
[White "Tan, Zhongyi"]
[Black "Gressmann, Moritz"]
[WhiteFideId "8603642"]
[BlackFideId "24695084"]
[WhiteElo "2517"]
[BlackElo "2129"]
[Result "1-0"]
[Round "03"]
[TimeControl "180+2"]
[Date "2023.01.10"]
[WhiteClock "0:00:08"]
[BlackClock "0:00:05"]

1. e4 e5 2. Nf3 Nc6 3. Bc4 Nf6 4. Ng5 d5 5. exd5 Na5 6. Bb5+ c6 7. dxc6 bxc6 8. Bd3 h6 9. Ne4 Nd5 10. O-O Nf4 11. Be2 Be7 12. d3 Nxe2+ 13. Qxe2 O-O 14. Nbc3 Nb7 15. Ng3 Bd6 16. Qh5 f5 17. Kh1 Qf6 18. f4 exf4 19. Bxf4 Be6 20. Bxd6 Nxd6 21. Rae1 c5 22. Nge4 Nxe4 23. dxe4 f4 24. Qxc5 Bg4 25. e5 Qf5 26. Nd5 Rae8 27. Nxf4 g5 28. Qc4+ Kh7 29. Nh3 Rxe5 30. Ng1 Rxe1 31. Rxe1 Rf7 32. Qd3 Qxd3 33. cxd3 Bf5 34. Rd1 Rd7 35. d4 Be4 36. h3 Rc7 37. Rd2 Bd5 38. b3 a5 39. Kh2 a4 40. bxa4 Ra7 41. Ne2 Rxa4 42. Nc3 Ra5 43. Nxd5 Rxd5 44. Kg3 Kg6 45. Kf3 Kf5 46. g4+ Ke6 47. Ke4 Ra5 48. Rb2 Ra3 49. Rb6+ Kd7 50. Rxh6 Rxa2 51. Ke5 Re2+ 52. Kd5 Ke7 53. Rh7+ Kf6 54. Kd6 Rd2 55. d5 Rd4 56. Kc5 Rd1 57. d6 Ke6 58. Re7+ Kf6 59. Kc6 Rc1+ 60. Kd7 Rd1 61. Rh7 Rd2 62. Kc7 Rc2+ 63. Kd8 Ke6 64. d7 Ra2 65. Rh6+ Kf7 66. Kc7 Rc2+ 67. Rc6 1-0


[Site "https://www.chess.com"]

[Event "Titled Tuesday Blitz January 10 Early 2023"]
[White "Jiganchine, Roman"]
[Black "Yaran, Siar"]
[WhiteFideId "2603667"]
[BlackFideId "6323006"]
[WhiteElo "2205"]
[BlackElo "2288"]
[Result "1-0"]
[Round "03"]
[TimeControl "180+2"]
[Date "2023.01.10"]
[WhiteClock "0:00:12"]
[BlackClock "0:01:06"]

1. e4 e5 2. Nf3 Nc6 3. Nc3 Nf6 4. Bb5 Nd4 5. O-O Nxb5 6. Nxb5 c6 7. Nc3 d6 8. d4 Qc7 9. h3 Be7 10. a4 h6 11. a5 g5 12. dxe5 dxe5 13. Be3 g4 14. Nh4 gxh3 15. Nf5 Bxf5 16. exf5 hxg2 17. Re1 Rg8 18. Qf3 h5 19. a6 b6 20. Nb5 Qb8 21. Qxc6+ Kf8 22. Bh6+ Rg7 23. Nc7 Kg8 24. Bxg7 Kxg7 25. Nxa8 e4 26. Rxe4 Nxe4 27. Qxe4 Bc5 28. b4 Bd6 29. Rd1 Kh6 30. f6 Bf4 31. Kxg2 Qg8+ 32. Kf1 Qg4 33. Rd3 Qg5 34. Rd5 Qg4 35. Rd4 Qh3+ 36. Ke2 Bg5 37. Nc7 Qc3 38. Ne8 b5 39. Nd6 Bxf6 40. Nxf7+ Kg7 41. Rd7 Qc8 42. Ne5+ Kf8 43. Ng6+ 1-0


[Site "https://www.chess.com"]

[Event "Titled Tuesday Blitz January 10 Early 2023"]
[White "Mrudul Dehankar"]
[Black "Novik, Maxim"]
[WhiteFideId "25096990"]
[BlackFideId "4102924"]
[WhiteElo "2030"]
[BlackElo "2436"]
[Result "0-1"]
[Round "03"]
[TimeControl "180+2"]
[Date "2023.01.10"]
[WhiteClock "0:00:02"]
[BlackClock "0:00:10"]

1. e4 c5 2. Nf3 e6 3. d4 cxd4 4. Nxd4 a6 5. Bd3 Bc5 6. Nb3 Ba7 7. Qg4 Nf6 8. Qg3 Nc6 9. O-O h5 10. Nc3 Bb8 11. Qxg7 Rg8 12. Qh6 Bxh2+ 13. Kh1 Be5 14. Bg5 Ng4 15. Bxd8 Nxh6 16. Bb6 d6 17. Be2 h4 18. Rad1 Ke7 19. f4 Bxc3 20. bxc3 f5 21. e5 dxe5 22. Bc5+ Kf7 23. Bh5+ Kg7 24. fxe5 Kh7 25. Rde1 Bd7 26. Nd4 Ng4 27. Nf3 Kh6 28. Bxg4 Rxg4 29. Be3+ Kh5 30. Rd1 Be8 31. Rd6 Bf7 32. Rd7 Rag8 33. Rxf7 R4g7 34. Rxg7 Rxg7 35. Bf2 Kg4 36. Rd1 h3 37. Nh2+ Kf4 38. gxh3 Nxe5 39. Re1 Nc4 40. Be3+ Nxe3 41. Re2 e5 42. Rf2+ Ke4 43. Nf3 f4 44. Nd2+ Kf5 45. c4 Rd7 46. Kh2 Rc7 47. Nf3 b5 48. Nh4+ Ke4 49. cxb5 axb5 50. Nf3 Rxc2 51. Rxc2 Nxc2 52. Ng5+ Kf5 53. h4 e4 54. Nh3 e3 55. Kg2 e2 0-1


[Site "https://www.chess.com"]

[Event "Titled Tuesday Blitz January 10 Early 2023"]
[White "Rychkov, Roman"]
[Black "Orzech, Dominik"]
[WhiteFideId "30985595"]
[BlackFideId "1115065"]
[WhiteElo "2023"]
[BlackElo "2308"]
[Result "1-0"]
[Round "03"]
[TimeControl "180+2"]
[Date "2023.01.10"]
[WhiteClock "0:01:15"]
[BlackClock "0:00:14"]

1. e4 c6 2. d4 d5 3. exd5 cxd5 4. c4 Nf6 5. Nc3 g6 6. cxd5 Nxd5 7. Qb3 Nb6 8. Nf3 Nc6 9. Be3 Bg7 10. Bb5 O-O 11. Rd1 Bg4 12. Bxc6 bxc6 13. O-O Bxf3 14. gxf3 Qd7 15. Ne4 Qf5 16. Kg2 Nd5 17. Ng3 Qe6 18. Rfe1 Rab8 19. Qc2 Nb4 20. Qc5 Qxa2 21. Qxe7 Rfe8 22. Qc5 Qxb2 23. Rb1 Qa2 24. Rxb4 Bf8 25. Rxb8 Rxb8 26. Qxc6 Rb2 27. Ne4 h5 28. Qc8 Kg7 29. Bh6+ Kxh6 30. Qxf8+ 1-0


[Site "https://www.chess.com"]